 Dungeon Crawl Stone Soup version 0.22-a0-283-g1871b15 (webtiles) character file.

3154 sankara the Destroyer (level 9, -11/45 HPs)
             Began as a Tengu Fire Elementalist on Mar 19, 2018.
             Was a Believer of Vehumet.
             Mangled by an orc knight
             ... wielding a +0 glaive
              (19 damage)
             ... in a bailey.
             The game lasted 00:41:29 (9080 turns).

sankara the Destroyer (Tengu Fire Elementalist)     Turns: 9080, Time: 00:41:30

Health: -11/45     AC:  4    Str: 12 (13) XL:     9   Next: 93%
Magic:  7/17       EV: 13    Int: 21 (23) God:    Vehumet [**....]
Gold:   507        SH:  0    Dex: 15 (16) Spells: 1/18 levels left

rFire    . . .     SeeInvis .   a - +0 whip (vamp) {!w}
rCold    + . .     Gourm    +   (no shield)
rNeg     . . .     Faith    .   j - +0 robe {rC+}
rPois    .         Spirit   .   (helmet restricted)
rElec    .         Reflect  .   k - +1 cloak
rCorr    .         Harm     .   (no gloves)
MR       .....                  (boots unavailable)
Stlth    +++.......             l - amulet of the gourmand {Gourm, !d}
HPRegen  0.55/turn              n - ring of stealth {Stlth+}
MPRegen  0.15/turn              (no ring)

@: mighty, brilliant
A: beak, talons 3, deterioration 1, regeneration 1, able to fly 1
a: Fly, Renounce Religion


You were in a bailey.
You worshipped Vehumet.
Vehumet was pleased with you.
You were very full.

You visited 2 branches of the dungeon, and saw 8 of its levels.
You also visited: Bailey.

You collected 507 gold pieces.

Inventory:

Hand Weapons
 a - a +0 vampiric whip (weapon) {!w}
   (You took it off a kobold on level 3 of the Dungeon)
 b - a +0 dagger
   (You took it off a goblin on level 1 of the Dungeon)
 y - a +0 hunting sling
   (You found it on level 3 of the Dungeon)
 L - a cursed -3 spear
   (You took it off a goblin on level 7 of the Dungeon)
Missiles
 C - 3 throwing nets {=f, !d}
 H - 13 sling bullets
Armour
 j - a +0 robe of cold resistance (worn)
   (You found it on level 1 of the Dungeon)
 k - a +1 cloak (worn)
   (You found it on level 2 of the Dungeon)
 z - a +0 buckler
   (You found it on level 4 of the Dungeon)
Jewellery
 l - an amulet of the gourmand (around neck) {Gourm, !d}
   (You found it on level 2 of the Dungeon)
 n - a ring of stealth (left hand) {Stlth+}
   (You found it on level 3 of the Dungeon)
 o - a +4 amulet of reflection
   (You found it on level 2 of the Dungeon)
Wands
 t - a wand of digging (13)
   (You took it off an orc on level 3 of the Dungeon)
 J - a wand of iceblast (4)
   (You took it off Pikel on level 6 of the Dungeon)
Scrolls
 d - 3 scrolls of magic mapping {!r}
 g - 6 scrolls of identify
 h - 3 scrolls of amnesia
 i - a scroll of enchant weapon {unknown}
 m - a scroll of blinking {unknown}
 q - 2 scrolls of fog
 s - a scroll of random uselessness {unknown}
 w - 2 scrolls of fear {unknown}
 x - 7 scrolls of remove curse
 I - 2 scrolls of teleportation
 N - a scroll of acquirement {unknown}
Potions
 e - 2 potions of heal wounds
 f - 6 potions of berserk rage {unknown}
 u - a potion of agility
 v - a potion of brilliance
 A - 6 potions of haste
 B - a potion of degeneration {!q}
 D - a potion of ambrosia {unknown}
 E - 2 potions of mutation {!q}
 G - 2 potions of curing
 K - a potion of resistance
Comestibles
 c - 11 rations


   Skills:
 - Level 2.1 Dodging
 - Level 2.0 Stealth
 - Level 4.1 Shields
 - Level 5.0 Spellcasting
 + Level 10.5 Conjurations
 + Level 9.5 Fire Magic
 - Level 3.0 Air Magic


You had one spell level left.
You knew the following spells:

 Your Spells              Type           Power        Failure   Level  Hunger
a - Flame Tongue          Conj/Fire      #####        1%          1    None
b - Conjure Flame         Conj/Fire      ######..     1%          3    ##.....
c - Sticky Flame          Conj/Fire      ######..     1%          4    ####...
d - Shock                 Conj/Air       ####         1%          1    None
e - Mephitic Cloud        Conj/Pois/Air  #####...     1%          3    ##.....
f - Fireball              Conj/Fire      ######....   1%          5    #####..


Dungeon Overview and Level Annotations

Branches:
Dungeon (7/15)             Temple (1/1) D:4

Altars:
Ashenzari
Cheibriados
Dithmenos
Elyvilon
Fedhas
Gozag
Hepliaklqana
Kikubaaqudgha
Makhleb
Nemelex Xobeh
Okawaru
Qazlal
Ru
Sif Muna
Trog
Uskayaw
Vehumet
Wu Jian
Xom
Yredelemnul
Zin
The Shining One

Shops:
D:7 (


Innate Abilities, Weirdness & Mutations

You have a beak for a mouth.
You have claws for feet.
You can fly.
Your body sometimes deteriorates upon taking damage.
Your natural rate of healing is unusually fast.


Message History

Your surroundings suddenly seem different.
There is an open door here.
Items here: )))))) [[[ You close the door.
Items here: ))) [ รท a halberd; a spear; a chain mail; a hand axe; an orc skeleton The orc shouts!
There is an open gate here.
Casting: Flame Tongue (safe; 1% risk of failure)
Confirm with . or Enter, or press ? or * to list all spells.
Aiming: Flame Tongue (safe; 1% risk of failure)
Press: ? - help, Shift-Dir - straight line, f - orc
Aim: an orc, wielding a hand axe The flame tongue hits the orc.
The orc is heavily wounded.
Casting: Flame Tongue (safe; 1% risk of failure)
Confirm with . or Enter, or press ? or * to list all spells.
Aiming: Flame Tongue (safe; 1% risk of failure)
Press: ? - help, Shift-Dir - straight line, f/p - orc
Aim: an orc, wielding a hand axe (heavily wounded)
Okay, then.
Casting: Flame Tongue (safe; 1% risk of failure)
Confirm with . or Enter, or press ? or * to list all spells.
Aiming: Fireball (safe; 1% risk of failure)
Press: ? - help, Shift-Dir - straight line, p - orc Out of range.
Okay, then.
Casting: Fireball (safe; 1% risk of failure)
Confirm with . or Enter, or press ? or * to list all spells.
Aiming: Fireball (safe; 1% risk of failure)
Press: ? - help, Shift-Dir - straight line, p - orc
Okay, then.
The orc knight shouts!
There is an open gate here.
Casting: Fireball (safe; 1% risk of failure)
Confirm with . or Enter, or press ? or * to list all spells.
Aiming: Fireball (safe; 1% risk of failure)
Press: ? - help, Shift-Dir - straight line, p - orc
Okay, then.
The orc knight roars a battlecry!
The orc goes into a battle-frenzy!
Casting: Fireball (safe; 1% risk of failure)
Confirm with . or Enter, or press ? or * to list all spells.
Aiming: Flame Tongue (safe; 1% risk of failure)
Press: ? - help, Shift-Dir - straight line, f/p - orc
Aim: an orc, wielding a hand axe (heavily wounded, unusually strong)
The flame tongue hits the orc.
You kill the orc!
Vehumet accepts your kill.
Casting: Flame Tongue (safe; 1% risk of failure)
Confirm with . or Enter, or press ? or * to list all spells.
Aiming: Fireball (safe; 1% risk of failure)
Press: ? - help, Shift-Dir - straight line, f - orc knight
Aim: an orc knight, wielding a glaive and wearing a ring mail
Okay, then.
Casting: Fireball (safe; 1% risk of failure)
Confirm with . or Enter, or press ? or * to list all spells.
Aiming: Flame Tongue (safe; 1% risk of failure)
Press: ? - help, Shift-Dir - straight line, f - orc knight
Aim: an orc knight, wielding a glaive and wearing a ring mail The flame tongue hits the orc knight.
The orc knight appears unharmed.
Casting: Flame Tongue (safe; 1% risk of failure)
Confirm with . or Enter, or press ? or * to list all spells.
Aiming: Flame Tongue (safe; 1% risk of failure)
Press: ? - help, Shift-Dir - straight line, f/p - orc knight
Aim: an orc knight, wielding a glaive and wearing a ring mail The flame tongue misses the orc knight.
Casting: Flame Tongue (safe; 1% risk of failure)
Confirm with . or Enter, or press ? or * to list all spells.
Aiming: Flame Tongue (safe; 1% risk of failure)
Press: ? - help, Shift-Dir - straight line, f/p - orc knight
Aim: an orc knight, wielding a glaive and wearing a ring mail The flame tongue hits the orc knight.
The orc knight is lightly wounded.
Casting: Flame Tongue (safe; 1% risk of failure)
Confirm with . or Enter, or press ? or * to list all spells.
You don't have enough magic to cast that spell.
Unknown command.
Okay, then.
It was a potion of magic.
Magic courses through your body.
The orc knight hits you from afar with a glaive!!
Ouch! That really hurt!
* * * LOW HITPOINT WARNING * * *
Casting: Flame Tongue (safe; 1% risk of failure)
Confirm with . or Enter, or press ? or * to list all spells.
Aiming: Fireball (safe; 1% risk of failure)
Press: ? - help, Shift-Dir - straight line, f/p - orc knight
Aim: an orc knight, wielding a glaive and wearing a ring mail (lightly wounded)
The fireball explodes!
The fireball engulfs the orc knight.
The orc knight is heavily wounded.
The orc knight closely misses you.
Casting: Fireball (safe; 1% risk of failure)
Confirm with . or Enter, or press ? or * to list all spells.
Aiming: Fireball (safe; 1% risk of failure)
Press: ? - help, Shift-Dir - straight line, f/p - orc knight
Aim: an orc knight, wielding a glaive and wearing a ring mail (moderately wounded)
The fireball explodes!
The fireball engulfs the orc knight.
The orc knight is severely wounded.
The orc knight hits you from afar with a glaive!!
You die...

#### ####### ##### ...##
##.....#########.....
....######.......#.....#......
))..#....#)).....'.....'.....o
))..'....+)).....'.....'..o.oo
.)..#....#))....@'o....'....oo
....######.......#.....#......
...## ##.....#########.....
#### ####### #####


You could see an orc knight.

Vanquished Creatures
  Pikel (D:6)
  Sigmund (D:6)
  Eustachio (D:5)
  5 orc warriors
  2 ice beasts
  A slave (D:6)
  A necrophage (D:5)
  A phantom (D:4)
  3 ogres
  A crocodile (D:6)
  A bullfrog (D:7)
  4 killer bees (D:7)
  2 scorpions
  2 howler monkeys
  A crimson imp (D:6)
  3 quasits (D:6)
  2 orc priests
  A hound (D:4)
  A bullfrog skeleton (D:5)
  2 gnoll shamans (D:5)
  A centaur skeleton (D:5)
  2 iguanas
  Jessica (D:3)
  2 orc wizards
  A worker ant (D:4)
  2 hound skeletons (D:5)
  8 gnolls
  3 adders
  A shadow imp (D:3)
  An adder zombie (D:5)
  5 worms
  A dart slug (D:1)
  3 leopard geckos
  44 orcs
  3 giant cockroaches
  5 hobgoblins
  15 jackals
  3 quokkas
  4 ball pythons
  7 bats
  5 frilled lizards (D:1)
  13 goblins
  3 kobolds
  A leopard gecko skeleton (D:6)
  2 quokka skeletons
  14 rats
186 creatures vanquished.

Vanquished Creatures (others)
  A howler monkey (D:6)
  2 worker ants (D:6)
3 creatures vanquished.

Grand Total: 189 creatures vanquished

Notes
Turn   | Place    | Note
-------+----------+-------------------------------------------
     0 | D:1      | sankara the Tengu Fire Elementalist began the quest for the Orb.
     0 | D:1      | Reached XP level 1. HP: 10/10 MP: 4/4
   103 | D:1      | Reached XP level 2. HP: 15/15 MP: 0/6
   198 | D:1      | Reached skill level 2 in Conjurations
   726 | D:1      | Reached XP level 3. HP: 19/19 MP: 3/7
   864 | D:2      | Learned a level 3 spell: Conjure Flame
  1290 | D:2      | Reached skill level 4 in Fire Magic
  1453 | D:2      | Reached skill level 3 in Conjurations
  1654 | D:2      | Reached XP level 4. HP: 13/24 MP: 2/9
  2273 | D:3      | Reached skill level 3 in Spellcasting
  2273 | D:3      | Gained mutation: You can fly. [Tengu growth]
  2273 | D:3      | Reached XP level 5. HP: 28/28 MP: 0/10
  2402 | D:3      | Learned a level 4 spell: Sticky Flame
  2625 | D:3      | Noticed Jessica
  2658 | D:3      | Killed Jessica
  2658 | D:3      | Reached skill level 4 in Conjurations
  2664 | D:3      | Found an iron altar of Okawaru.
  2666 | D:3      | Found a stormy altar of Qazlal.
  2666 | D:3      | Found a glowing silver altar of Zin.
  3378 | D:3      | Noticed a moth of wrath
  3827 | D:3      | Found a bloodstained altar of Trog.
  3943 | D:4      | Found a staircase to the Ecumenical Temple.
  3948 | Temple   | Entered the Ecumenical Temple
  4017 | Temple   | Became a worshipper of Vehumet
  4037 | D:4      | Reached skill level 5 in Fire Magic
  4037 | D:4      | Reached XP level 6. HP: 32/32 MP: 8/12
  4489 | D:4      | Noticed a phantom
  4517 | D:4      | Killed a phantom
  4517 | D:4      | Reached skill level 4 in Spellcasting
  4517 | D:4      | Reached skill level 5 in Conjurations
  4711 | D:4      | Reached XP level 7. HP: 36/36 MP: 1/14
  4926 | D:4      | Reached skill level 1 in Shields
  5321 | D:5      | Entered Level 5 of the Dungeon
  5396 | D:5      | Reached * piety under Vehumet
  5396 | D:5      | Offered knowledge of Shock by Vehumet.
  5429 | D:5      | Learned a level 1 spell: Shock
  5486 | D:5      | Learned a level 5 spell: Fireball
  5659 | D:5      | Reached skill level 2 in Shields
  5871 | D:5      | Reached skill level 6 in Conjurations
  5887 | D:5      | Reached skill level 3 in Shields
  5887 | D:5      | Reached skill level 6 in Fire Magic
  5887 | D:5      | Reached skill level 1 in Air Magic
  5887 | D:5      | Reached XP level 8. HP: 38/41 MP: 8/15
  6039 | D:5      | Noticed Eustachio
  6079 | D:5      | Killed Eustachio
  6309 | D:6      | Noticed Sigmund
  6312 | D:6      | Killed Sigmund
  6312 | D:6      | Reached skill level 2 in Air Magic
  6351 | D:6      | Reached skill level 4 in Shields
  6433 | D:6      | Reached skill level 5 in Spellcasting
  6433 | D:6      | Reached skill level 3 in Air Magic
  6515 | D:6      | Found a shadowy altar of Dithmenos.
  6569 | D:6      | Reached skill level 7 in Conjurations
  6724 | D:6      | Found a hazy altar of Hepliaklqana.
  7005 | D:6      | Noticed Pikel
  7044 | D:6      | Killed Pikel
  7044 | D:6      | Reached skill level 8 in Conjurations
  7044 | D:6      | Reached skill level 7 in Fire Magic
  7044 | D:6      | Reached XP level 9. HP: 29/45 MP: 0/17
  7260 | D:6      | Reached skill level 8 in Fire Magic
  7809 | D:6      | Offered knowledge of Magic Dart by Vehumet.
  7817 | D:6      | Reached ** piety under Vehumet
  7817 | D:6      | Reached skill level 9 in Conjurations
  7827 | D:6      | Identified the Disquisition on Hexes
  7922 | D:7      | Found Exzar's Weapon Shop.
  7958 | D:7      | HP: 5/45 [orc priest/divine providence (12)]
  8243 | D:7      | Reached skill level 9 in Fire Magic
  8274 | D:7      | Found a flagged portal.
  8291 | Bailey   | Entered a bailey
  8600 | Bailey   | Reached skill level 10 in Conjurations
  8730 | Bailey   | Offered knowledge of Mephitic Cloud by Vehumet.
  8735 | Bailey   | Learned a level 3 spell: Mephitic Cloud
  8764 | Bailey   | Noticed an orc knight
  8764 | Bailey   | Noticed an orc knight
  9055 | Bailey   | Gained mutation: Your body sometimes deteriorates upon taking damage. [potion of mutation]
  9055 | Bailey   | Gained mutation: Your natural rate of healing is unusually fast. [potion of mutation]
  9078 | Bailey   | HP: 7/45 [orc knight/glaive (25)]
  9080 | Bailey   | Mangled by an orc knight

Vault maps used:
D:1:      dpeg_arrival_pits
D:2:      kennysheep_generic_room_16
D:3:      tgw_trog, grunt_temple_overflow_diamond, uniq_jessica
D:4:      temple_doors_e, first_ration
D:5:      minmay_curled_crystal, uniq_eustachio
D:6:      cheibrodos_quashed, nicolae_dithmenos_through_a_glass_darkly,
          kennysheep_mini, kennysheep_generic_room_7, uniq_pikel, uniq_sigmund
D:7:      enter_bailey_7, serial_shops, nicolae_shop_statue_plus, serial_bayou,
          serial_bayou_shore_a, serial_bayou_pond_b, serial_bayou_pond_d,
          serial_bayou_lagoon_a
Temple:   nicolae_temple_x_marks_the_god
Bailey:   bailey_polearm_5, bailey

Skill      XL: |  1  2  3  4  5  6  7  8  9 |
---------------+----------------------------+-----
Conjurations   | 2 3 4 5 6 8 10 | 10.5
Fire Magic     | 4 5 6 7 9 |  9.5
Spellcasting   | 3 4 5 |  5.0
Shields        | 3 4 |  4.1
Air Magic      | 1 3 |  3.0
Dodging        | |  2.1
Stealth        | |  2.0

Action                   |  1- 3 |  4- 6 |  7- 9 || total
-------------------------+-------+-------+-------++-------
Melee: Dagger            |     8 |       |       ||     8
       Peck              |     1 |       |     5 ||     6
       Whip              |       |       |    26 ||    26
       Kick              |       |       |     7 ||     7
 Cast: Flame Tongue      |    75 |   137 |   185 ||   397
       Conjure Flame     |       |     7 |    17 ||    24
       Shock             |       |       |    58 ||    58
       Fireball          |       |       |    21 ||    21
Evoke: Wand              |       |       |     1 ||     1
  Use: Potion            |       |       |    11 ||    11
       Scroll            |       |       |     6 ||     6
  Eat: Chunk             |     6 |    23 |    24 ||    53
Armor: Robe              |     4 |     8 |    34 ||    46
Dodge: Dodged            |    25 |    22 |    85 ||   132

Table legend:
 A = Spawn XP
 B = Non-spawn XP
 C = Spawn XP percentage of total XP
 D = Spawn monster count
 E = Non-spawn monster count
 F = Spawn count percentage of total count
 G = Total turns spent on level
                    A         B        C        D         E        F      G
               +---------+---------+-------+---------+---------+-------+---------
         Total |       0 |    4506 |   0.0 |       0 |     186 |   0.0 |  9080
               +---------+---------+-------+---------+---------+-------+---------
           D:1 |       0 |      37 |   0.0 |       0 |      25 |   0.0 |   830
           D:2 |       0 |      63 |   0.0 |       0 |      21 |   0.0 |  1300
           D:3 |       0 |     217 |   0.0 |       0 |      33 |   0.0 |  1851
           D:4 |       0 |     389 |   0.0 |       0 |      15 |   0.0 |  1346
           D:5 |       0 |     763 |   0.0 |       0 |      20 |   0.0 |   906
           D:6 |       0 |    1653 |   0.0 |       0 |      21 |   0.0 |  1627
           D:7 |       0 |     760 |   0.0 |       0 |      19 |   0.0 |   357
        Bailey |       0 |     624 |   0.0 |       0 |      32 |   0.0 |   789
               +---------+---------+-------+---------+---------+-------+---------

Vault maps used:
D:1:      dpeg_arrival_pits
D:2:      kennysheep_generic_room_16
D:3:      tgw_trog, grunt_temple_overflow_diamond, uniq_jessica
D:4:      temple_doors_e, first_ration
D:5:      minmay_curled_crystal, uniq_eustachio
D:6:      cheibrodos_quashed, nicolae_dithmenos_through_a_glass_darkly,
          kennysheep_mini, kennysheep_generic_room_7, uniq_pikel, uniq_sigmund
D:7:      enter_bailey_7, serial_shops, nicolae_shop_statue_plus, serial_bayou,
          serial_bayou_shore_a, serial_bayou_pond_b, serial_bayou_pond_d,
          serial_bayou_lagoon_a
Temple:   nicolae_temple_x_marks_the_god
Bailey:   bailey_polearm_5, bailey

Table legend:
 A = Turns spent in this place as a percentage of turns spent in the entire game.
 B = Non-inter-level travel turns spent in this place as a percentage of non-inter-level travel turns spent in the entire game.
 C = Inter-level travel turns spent in this place as a percentage of turns spent in this place.
 D = Turns resting spent in this place as a percentage of non-inter-level travel turns spent in this place.
 E = Turns spent auto-exploring this place as a percentage of non-inter-level travel turns spent in this place.
 F = Non-inter-level travel turns spent in this place divided by the number of levels of this place that you've seen.
                   A       B       C       D       E      F
               +-------+-------+-------+-------+-------+----------------------
         Total | 100.0 | 100.0 |   3.0 |  37.0 |  38.7 | 979.1
       Dungeon |  90.5 |  90.2 |   3.3 |  35.6 |  41.9 | 1135.6
        Temple |   0.8 |   0.8 |   0.0 |   0.0 |  67.6 |  74.0
        Bailey |   8.7 |   9.0 |   0.0 |  54.0 |   4.3 | 789.0
               +-------+-------+-------+-------+-------+----------------------

Table legend:
 A = Kills in this place as a percentage of kills in entire the game.
 B = Kills by you in this place as a percentage of kills by you in the entire game.
 C = Kills by friends in this place as a percentage of kills by friends in the entire game.
 D = Other kills in this place as a percentage of other kills in the entire game.
 E = Experience gained in this place as a percentage of experience gained in the entire game.
 F = Experience gained in this place divided by the number of levels of this place that you have seen.
                   A       B       C       D       E      F
               +-------+-------+-------+-------+-------+----------------------
         Total | 100.0 | 100.0 |   N/A | 100.0 | 100.0 | 500.7
       Dungeon |  82.8 |  82.7 |   N/A | 100.0 |  86.2 | 554.6
        Bailey |  17.2 |  17.3 |   N/A |   0.0 |  13.8 | 624.0
               +-------+-------+-------+-------+-------+----------------------
